Map: 锈化山巅-天梯版

Players

TIME (Oliveira)

  • Race: Terran Terran

JieShi - Winner!

  • Race: Protoss Protoss
  • League: Master

Event: DreamHack SC2 Masters 2021 Summer

VOD

Have the link to the VOD?

Description

Time

  • Played on: May 30, 2021, 9:09 a.m.
  • Length: 10:04

All games in this series

Show
View Real Time Build Order
Export as new Build Order

TIME Terran 

Build Orders: 1/1/1 

Get SALT Encoding   

  12  0:00  SCV  
  13  0:12  SCV  
  14  0:17  Supply Depot  
  14  0:24  SCV  
  15  0:38  SCV  
  15  0:40  Barracks  
  16  0:44  Refinery  
  16  0:50  SCV  
  16  0:53  Refinery  
  17  1:03  SCV  
  18  1:15  SCV  
  19  1:27  Orbital Command, Marine  
  19  1:28  Supply Depot  
  20  1:39  Factory  
  20  1:45  Barracks Reactor  
  20  1:54  SCV  
  21  2:06  SCV  
  22  2:18  SCV  
  23  2:24  Starport  
  23  2:28  Hellion x2  
  27  2:30  SCV, Supply Depot  
  28  2:42  SCV  
  29  2:49  Widow Mine  
  31  2:52  Widow Mine, Supply Depot  
  33  3:00  Medivac  
  33  3:01  Armory  
  35  3:11  Widow Mine  
  37  3:14  Widow Mine  
  37  3:15  SCV  
  37  3:17  Barracks Tech Lab  
  38  3:35  Widow Mine  
  38  3:36  Medivac  
  38  3:39  Widow Mine  
  44  3:48  Command Center  
  44  3:52  SCV  
  45  3:59  Supply Depot  
  45  4:05  SCV  
  46  4:12  Marine  
  46  4:14  Marine  
  46  4:15  Siege Tank  
  47  4:20  SCV  
  47  4:21  Starport Tech Lab  
  48  4:29  Barracks  
  46  4:32  Marine x2  
  46  4:36  SCV  
  47  4:39  Bunker  
  45  4:49  Marine, Siege Tank  
  47  4:53  Marine  
  47  4:56  SCV  
  47  5:00  Engineering Bay  
  47  5:06  Orbital Command  
  47  5:11  SCV  
  47  5:12  Marine  
  49  5:14  Marine  
  50  5:23  SCV  
  50  5:24  Marine, Stimpack  
  50  5:27  Terran Infantry Weapons Level 1  
  52  5:33  SCV  
  52  5:35  SCV  
  54  5:36  Barracks  
  54  5:38  Marine  
  54  5:41  Starport Reactor, Factory Reactor  
  55  5:44  Marine  
  55  5:45  SCV  
  55  5:46  Marine  
  55  5:48  SCV  
  59  5:52  Refinery  
  59  5:57  SCV  
  59  5:59  Marine, Supply Depot  
  59  6:00  SCV  
  59  6:02  Marine  
  63  6:05  Marauder  
  63  6:09  SCV  
  66  6:12  SCV  
  66  6:17  Marine  
  70  6:22  Supply Depot  
  70  6:23  Combat Shield, Supply Depot  
  70  6:24  Marauder  
  70  6:26  SCV x2, Marauder  
  70  6:30  Refinery, Marine  
  75  6:34  Widow Mine  
  75  6:35  Marine  
  78  6:44  Widow Mine, Medivac x2  
  84  6:47  SCV  
  84  6:48  SCV, Marauder  
  84  6:51  Marauder  
  84  6:52  Marine  
  91  6:59  Widow Mine, Supply Depot  
  93  7:02  Marine  
  94  7:11  Concussive Shells  
  94  7:20  SCV, Marine, Medivac x2  
  94  7:21  Widow Mine, Supply Depot  
  102  7:25  Supply Depot  
  102  7:33  Marauder  
  102  7:40  Command Center  
  97  7:50  Marauder, Marine x2  
  102  7:51  Widow Mine x2  
  100  7:59  SCV x2  
  99  8:07  Terran Infantry Armor Level 1, Supply Depot  
  94  8:14  Marine x2  
  94  8:15  Marauder  
  88  8:21  Marine  
  88  8:25  Widow Mine  
  88  8:26  Widow Mine, SCV x2  
  83  8:32  Marine x2  
  85  8:36  Marauder  
  85  8:38  Barracks  
  85  8:40  Barracks, Viking x2  
  87  8:42  SCV  
  90  8:50  SCV  
  90  8:52  Orbital Command  
  90  8:54  SCV, Marine  
  91  8:56  Marine, Siege Tank  
  91  8:57  Marine x2  
  97  9:03  SCV  
  97  9:04  Engineering Bay  
  97  9:07  SCV  
  99  9:15  Marauder, Marine x2  
  93  9:17  Marine x2  
  93  9:18  Viking x2  
  93  9:19  SCV  
  93  9:20  SCV  
  90  9:26  SCV  
  91  9:31  Barracks Tech Lab x2  
  91  9:32  Siege Tank  
  91  9:33  Marine  
  91  9:35  SCV  
  91  9:36  SCV  
  97  9:40  Marine x2  
  97  9:41  Marine  
  97  9:42  Bunker, Missile Turret  
Show
View Real Time Build Order
Export as new Build Order

JieShi Protoss - Winner!

Build Orders: 1 Gate Expand, Blink Stalkers 

Get SALT Encoding   

  12  0:00  Probe  
  13  0:12  Probe  
  14  0:17  Pylon  
  14  0:25  Probe (Chrono Boost)  
  15  0:37  Probe (Chrono Boost)  
  15  0:38  Gateway  
  16  0:44  Probe (Chrono Boost)  
  16  0:46  Assimilator  
  17  0:51  Probe  
  18  1:03  Probe  
  19  1:15  Probe  
  20  1:25  Cybernetics Core  
  20  1:32  Nexus  
  20  1:34  Probe  
  21  1:41  Pylon  
  21  1:46  Probe  
  22  1:48  Assimilator  
  22  1:58  Probe  
  22  1:59  Adept (Chrono Boost)  
  23  2:02  Warp Gate  
  25  2:10  Probe  
  26  2:15  Twilight Council  
  27  2:22  Probe  
  27  2:23  Stalker (Chrono Boost)  
  29  2:35  Probe (Chrono Boost)  
  30  2:44  Robotics Facility  
  30  2:45  Probe (Chrono Boost)  
  32  2:53  Probe (Chrono Boost)  
  32  2:54  Probe (Chrono Boost)  
  33  2:59  Probe, Stalker  
  33  3:05  Gateway  
  36  3:09  Pylon  
  36  3:11  Probe  
  37  3:13  Probe  
  38  3:23  Probe  
  38  3:25  Probe  
  40  3:31  Blink (Chrono Boost)  
  42  3:37  Probe  
  42  3:40  Observer (Chrono Boost)  
  42  3:41  Probe  
  42  3:45  Assimilator  
  42  3:46  Pylon  
  42  3:47  Assimilator  
  43  3:49  Probe  
  43  3:51  Stalker  
  43  3:53  Probe  
  47  3:57  Pylon  
  47  3:58  Observer  
  47  4:02  Probe  
  49  4:03  Pylon  
  49  4:06  Probe  
  49  4:07  Stalker  
  52  4:14  Probe  
  49  4:18  Probe  
  50  4:26  Probe (Chrono Boost)  
  50  4:27  Stalker  
  54  4:33  Probe (Chrono Boost)  
  54  4:38  Probe (Chrono Boost)  
  55  4:41  Stalker  
  58  4:46  Probe x2 (Chrono Boost)  
  58  4:52  Probe  
  55  4:54  Probe  
  57  5:01  Observer  
  57  5:04  Observer, Probe  
  57  5:06  Probe  
  60  5:12  Pylon, Robotics Bay  
  60  5:14  Sentry  
  60  5:15  Nexus  
  60  5:17  Stalker  
  60  5:18  Probe  
  65  5:22  Pylon  
  65  5:26  Probe  
  65  5:27  Forge  
  66  5:31  Probe  
  67  5:37  Charge (Chrono Boost)  
  67  5:39  Probe  
  68  5:44  Gateway x2  
  68  5:45  Sentry x2  
  68  5:48  Shield Battery  
  72  5:50  Probe  
  72  5:51  Probe  
  74  6:01  Colossus (Chrono Boost), Pylon  
  74  6:05  Probe  
  74  6:09  Extended Thermal Lance  
  81  6:13  Pylon  
  81  6:15  Observer, Probe  
  81  6:17  Probe  
  83  6:19  Pylon  
  83  6:20  Observer  
  83  6:22  Protoss Ground Weapons Level 1  
  83  6:27  Photon Cannon  
  83  6:28  Probe  
  83  6:29  Probe  
  85  6:39  Photon Cannon  
  85  6:42  Shield Battery  
  85  6:43  Probe x2  
  85  6:44  Colossus (Chrono Boost)  
  86  6:53  Probe  
  93  6:55  Observer  
  93  6:56  Photon Cannon  
  93  6:59  Pylon  
  93  7:01  Gateway  
  93  7:05  Observer, Gateway  
  93  7:08  Gateway  
  93  7:09  Observer  
  93  7:11  Gateway  
  93  7:14  Zealot  
  95  7:21  Zealot x3  
  101  7:28  Colossus  
  107  7:41  Probe, Stalker x2  
  107  7:42  Stalker x2  
  112  7:51  Probe  
  111  7:53  Probe  
  111  7:57  Zealot  
  111  8:00  Zealot  
  111  8:03  Probe, Zealot  
  111  8:04  Zealot  
  111  8:05  Probe, Zealot x2  
  115  8:17  Probe  
  116  8:23  Zealot  
  116  8:24  Zealot x3  
  124  8:27  Warp Prism (Chrono Boost), Cybernetics Core  
  124  8:29  Templar Archives  
  127  8:36  Pylon  
  127  8:37  Pylon  
  127  8:39  Pylon  
  127  8:42  Observer  
  126  8:50  Zealot  
  126  8:51  Zealot x5  
  126  8:53  Pylon  
  138  8:57  Zealot x2  
  143  9:02  Observer (Chrono Boost)  
  143  9:04  Nexus  
  143  9:15  Zealot x4  
  146  9:20  High Templar x2  
  146  9:23  High Templar x2  
  154  9:27  Gateway  
  154  9:28  Archon  
  160  9:35  Archon  
  160  9:37  High Templar  
  160  9:38  High Templar, Zealot x2  
  164  9:44  Archon  
  168  9:50  Nexus  
Tags
 
Add a new tag
Caveats
  • Supply blocks, unpowered buildings, or Contaminate may cause inaccurate times.
  • Supply counts are checked every 10 seconds.